Map: Inside and Out

Players

TEAMDAOxDasH - Winner!

  • Race: Protoss Protoss
  • League: Grandmaster
  • Spawn Location: 7:00

IceLin

  • Race: Terran Terran
  • League: Diamond
  • Spawn Location: 1:00

VOD

Have the link to the VOD?

Description

Time

  • Played on: Dec. 4, 2022, 11:21 p.m.
  • Length: 22:34
Show
View Real Time Build Order
Export as new Build Order

TEAMDAOxDasH Protoss - Winner!

Build Orders: 1 Gate Expand, Oracle Opening, Phoenix Opening, Carriers, Chargelot Immortal 

Get SALT Encoding   

  12  0:00  Probe  
  13  0:12  Probe  
  14  0:17  Pylon  
  14  0:24  Probe  
  15  0:35  Gateway  
  15  0:36  Probe (Chrono Boost)  
  16  0:46  Probe (Chrono Boost), Assimilator  
  17  0:51  Probe (Chrono Boost)  
  18  1:03  Probe  
  19  1:15  Probe  
  20  1:22  Cybernetics Core  
  20  1:34  Nexus  
  20  1:39  Pylon  
  20  1:45  Probe  
  21  1:53  Assimilator  
  21  1:55  Adept (Chrono Boost)  
  21  1:59  Probe  
  24  2:11  Probe  
  25  2:19  Stargate  
  25  2:21  Adept (Chrono Boost)  
  27  2:32  Probe  
  27  2:34  Warp Gate  
  28  2:43  Adept, Shield Battery  
  28  2:47  Probe x2  
  32  2:59  Probe  
  32  3:00  Shield Battery  
  33  3:05  Phoenix (Chrono Boost)  
  33  3:10  Probe  
  36  3:13  Probe  
  37  3:22  Probe  
  37  3:23  Phoenix  
  40  3:32  Gateway  
  40  3:36  Probe  
  40  3:38  Probe  
  42  3:45  Pylon  
  42  3:51  Probe, Oracle (Chrono Boost)  
  46  4:03  Probe  
  46  4:04  Assimilator  
  47  4:13  Probe  
  47  4:16  Probe, Pylon  
  49  4:22  Phoenix (Chrono Boost)  
  51  4:27  Adept  
  51  4:28  Probe  
  51  4:30  Pylon  
  54  4:39  Stalker  
  54  4:41  Probe  
  54  4:43  Probe  
  54  4:45  Phoenix (Chrono Boost)  
  60  4:58  Probe x2  
  62  5:10  Probe x2  
  62  5:12  Adept  
  66  5:18  Phoenix (Chrono Boost)  
  66  5:21  Nexus  
  68  5:22  Probe x2  
  70  5:34  Probe  
  69  5:37  Probe  
  69  5:40  Twilight Council  
  69  5:42  Gateway  
  68  5:46  Probe  
  69  5:50  Probe  
  69  5:56  Gateway  
  70  5:58  Gateway  
  70  6:01  Pylon  
  70  6:04  Pylon  
  70  6:05  Pylon  
  70  6:08  Pylon  
  70  6:14  Charge (Chrono Boost)  
  70  6:18  Phoenix (Chrono Boost)  
  70  6:21  Probe  
  73  6:27  Zealot x2  
  73  6:28  Probe  
  78  6:34  Probe x2, Phoenix (Chrono Boost)  
  82  6:40  Probe  
  82  6:46  Probe, Zealot  
  86  6:49  Gateway  
  86  6:51  Probe  
  86  6:53  Zealot x3  
  93  6:57  Probe  
  93  6:59  Phoenix  
  93  7:01  Templar Archives  
  96  7:06  Robotics Facility  
  96  7:07  Probe  
  97  7:09  Robotics Facility  
  98  7:15  Probe  
  98  7:16  Probe  
  98  7:19  Probe  
  96  7:24  Pylon  
  96  7:25  Phoenix  
  98  7:31  Probe  
  99  7:37  Zealot x5  
  99  7:41  Gateway x2  
  109  7:45  Gateway  
  109  8:00  Immortal x2 (Chrono Boost)  
  109  8:03  Nexus  
  117  8:06  Probe x3, Pylon  
  117  8:09  Pylon  
  120  8:18  Probe x3  
  123  8:21  Pylon  
  123  8:23  Pylon  
  123  8:25  Pylon  
  123  8:30  Probe x3  
  123  8:31  Immortal x2 (Chrono Boost)  
  134  8:39  Zealot x2  
  138  8:42  Probe  
  139  8:53  Zealot  
  141  9:00  Gateway  
  141  9:01  Immortal x2 (Chrono Boost)  
  149  9:05  Zealot x3  
  149  9:06  Zealot  
  157  9:11  Templar Archives  
  157  9:16  Assimilator  
  157  9:18  Zealot x3  
  157  9:20  Stalker  
  165  9:25  Zealot x3  
  171  9:37  Immortal x2 (Chrono Boost)  
  147  9:58  Zealot x3  
  147  9:59  Zealot x7  
  132  10:10  Immortal x2 (Chrono Boost)  
  114  10:21  Probe  
  103  10:23  Stargate  
  103  10:26  Stargate  
  103  10:28  Stargate, Robotics Bay  
  99  10:30  Assimilator  
  99  10:32  Assimilator  
  99  10:34  Assimilator  
  99  10:36  Probe x2, Assimilator  
  99  10:37  Probe  
  102  10:49  Probe, Fleet Beacon  
  103  10:54  Cybernetics Core  
  103  10:57  Protoss Air Weapons Level 1 (Chrono Boost)  
  103  11:01  Probe  
  103  11:03  Probe x3  
  107  11:11  Disruptor (Chrono Boost)  
  107  11:12  Disruptor (Chrono Boost)  
  113  11:28  Nexus  
  113  11:30  Probe x2  
  113  11:31  Forge  
  113  11:32  Pylon, Shield Battery  
  115  11:33  Assimilator  
  115  11:34  Pylon  
  115  11:35  Pylon  
  115  11:36  Assimilator  
  115  11:39  Probe x2  
  117  11:40  Disruptor (Chrono Boost)  
  117  11:43  Colossus (Chrono Boost)  
  117  11:45  Carrier (Chrono Boost)  
  128  11:51  Carrier (Chrono Boost)  
  138  11:55  Shield Battery  
  138  11:57  Pylon  
  138  12:00  Pylon  
  144  12:05  Carrier (Chrono Boost)  
  144  12:10  Probe  
  144  12:13  Disruptor (Chrono Boost)  
  145  12:22  Probe  
  151  12:24  Disruptor (Chrono Boost)  
  151  12:27  Probe x2, Protoss Air Armor Level 1 (Chrono Boost)  
  151  12:28  Probe  
  152  12:33  Carrier (Chrono Boost)  
  155  12:42  Disruptor  
  164  12:45  Nexus  
  164  12:46  Pylon  
  164  12:49  Pylon  
  168  12:53  Carrier (Chrono Boost)  
  168  12:57  Carrier (Chrono Boost)  
  168  12:59  Photon Cannon  
  168  13:01  Photon Cannon  
  168  13:03  Photon Cannon  
  168  13:04  Photon Cannon  
  174  13:06  Shield Battery  
  174  13:11  Shield Battery  
  174  13:14  Photon Cannon  
  172  13:21  Disruptor x2  
  184  13:33  Assimilator  
  184  13:34  Carrier (Chrono Boost)  
  184  13:35  Assimilator  
  184  13:40  Photon Cannon  
  184  13:48  Photon Cannon  
  184  13:49  Photon Cannon  
  184  13:50  Carrier (Chrono Boost)  
  184  13:51  Protoss Shields Level 1, Shield Battery  
  196  13:55  Carrier (Chrono Boost)  
  196  13:57  Disruptor  
  199  14:07  Protoss Air Weapons Level 2 (Chrono Boost)  
  199  14:16  Photon Cannon  
  199  14:17  Photon Cannon  
  199  14:20  Pylon  
  199  14:21  Shield Battery  
  186  15:17  Protoss Air Armor Level 2 (Chrono Boost)  
  186  15:21  Disruptor x2  
  190  15:29  Zealot x4  
  195  15:37  Carrier x2 (Chrono Boost)  
  164  15:47  Carrier (Chrono Boost), Stalker x5  
  148  15:52  Stalker x3  
  148  15:54  Carrier (Chrono Boost)  
  136  15:57  Disruptor (Chrono Boost)  
  135  16:10  Disruptor (Chrono Boost)  
  138  16:26  Disruptor (Chrono Boost)  
  138  16:31  Carrier x2 (Chrono Boost)  
  153  16:39  Protoss Shields Level 2 (Chrono Boost), Disruptor  
  162  16:40  Protoss Air Weapons Level 3 (Chrono Boost)  
  168  16:48  Carrier (Chrono Boost)  
  168  17:02  Carrier (Chrono Boost)  
  177  17:19  Carrier (Chrono Boost)  
  187  17:23  Carrier (Chrono Boost)  
  187  17:32  Protoss Air Armor Level 3 (Chrono Boost)  
  178  17:41  Void Ray (Chrono Boost)  
  186  17:53  Pylon  
  185  18:01  Void Ray (Chrono Boost)  
  189  18:08  Void Ray (Chrono Boost)  
  189  18:10  Void Ray (Chrono Boost)  
  189  18:11  Void Ray (Chrono Boost)  
  193  18:19  Flux Vanes  
  190  18:35  Zealot x5  
  190  18:36  Zealot  
  190  18:37  Void Ray  
  184  18:51  Zealot x3  
  190  18:58  Carrier (Chrono Boost)  
  190  18:59  Carrier (Chrono Boost)  
  193  19:19  Nexus  
  193  19:20  Pylon  
  193  19:21  Pylon  
  191  19:34  Carrier (Chrono Boost)  
  197  19:42  Carrier (Chrono Boost)  
  197  19:53  Photon Cannon  
  197  19:55  Shield Battery  
  197  19:57  Photon Cannon  
  197  19:59  Photon Cannon  
  197  20:01  Shield Battery  
  197  20:03  Photon Cannon  
  197  20:04  Photon Cannon  
  197  20:06  Stargate, Shield Battery  
  197  20:08  Photon Cannon  
  197  20:29  Pylon  
  197  20:31  Shield Battery  
  197  21:14  Nexus  
  197  21:16  Pylon  
  197  21:18  Pylon  
  197  21:22  Pylon  
  197  21:25  Assimilator  
  197  21:28  Assimilator  
  193  21:55  Void Ray (Chrono Boost)  
  180  22:26  Photon Cannon  
  180  22:28  Stargate, Photon Cannon  
  180  22:29  Photon Cannon  
  190  22:31  Stargate  
  190  22:32  Shield Battery  
Show
View Real Time Build Order
Export as new Build Order

IceLin Terran 

Build Orders:  

Get SALT Encoding   

  12  0:00  SCV  
  13  0:12  SCV  
  14  0:17  Supply Depot  
  14  0:24  SCV  
  15  0:39  SCV  
  15  0:40  Barracks  
  16  0:46  Refinery  
  16  0:51  SCV  
  16  0:52  Refinery  
  17  1:03  SCV  
  18  1:06  Supply Depot  
  18  1:15  SCV  
  19  1:30  Marine  
  19  1:31  Orbital Command  
  20  1:50  Barracks Reactor, Factory  
  20  1:57  SCV  
  21  2:09  SCV  
  22  2:21  SCV  
  23  2:36  Armory  
  23  2:37  Starport  
  23  2:41  SCV, Hellion x2  
  28  2:55  SCV  
  29  3:01  Command Center  
  29  3:02  Widow Mine  
  31  3:08  Widow Mine, SCV  
  31  3:09  Barracks Tech Lab  
  34  3:17  Medivac  
  36  3:26  Widow Mine  
  38  3:32  Supply Depot  
  38  3:40  SCV  
  39  3:45  Supply Depot  
  41  3:59  SCV  
  40  4:12  Thor  
  40  4:13  Orbital Command  
  40  4:15  SCV  
  47  4:18  Marine  
  47  4:19  Marine  
  47  4:27  SCV  
  48  4:36  Marine, Liberator  
  48  4:37  Marine  
  53  4:40  SCV  
  52  4:49  Orbital Command  
  52  4:55  SCV  
  49  5:01  Thor  
  53  5:07  SCV  
  53  5:12  Marine x2  
  56  5:14  SCV  
  56  5:20  SCV  
  58  5:25  Viking  
  58  5:26  SCV  
  59  5:31  Marine  
  59  5:32  SCV  
  61  5:38  SCV  
  62  5:44  SCV  
  62  5:45  Command Center  
  61  5:51  SCV  
  61  5:56  SCV  
  63  6:01  Refinery x2  
  63  6:03  Liberator, SCV  
  67  6:07  Terran Vehicle Weapons Level 1  
  67  6:08  SCV  
  68  6:14  Marine x2  
  70  6:19  Supply Depot  
  70  6:20  SCV x2  
  71  6:32  Supply Depot, SCV x2  
  73  6:41  Thor  
  73  6:42  Supply Depot  
  73  6:44  SCV  
  73  6:45  SCV  
  81  6:48  Factory  
  81  6:56  SCV  
  81  6:58  SCV, Factory  
  83  7:06  Liberator  
  83  7:08  Orbital Command, SCV  
  86  7:12  SCV  
  84  7:23  SCV  
  84  7:26  Thor  
  84  7:27  SCV  
  91  7:32  Barracks Tech Lab  
  91  7:34  SCV  
  91  7:36  SCV  
  95  7:37  Hellion  
  95  7:39  SCV  
  96  7:46  SCV  
  96  7:49  Liberator  
  100  7:53  SCV  
  100  7:54  SCV  
  100  7:56  Engineering Bay  
  100  7:58  Hellion x2  
  106  8:01  SCV  
  106  8:05  SCV  
  108  8:10  SCV  
  108  8:11  Thor  
  115  8:17  SCV  
  116  8:22  SCV  
  117  8:35  Terran Vehicle Weapons Level 2  
  117  8:37  Orbital Command  
  117  8:43  Command Center  
  117  8:45  Engineering Bay, SCV  
  117  8:46  Supply Depot  
  116  8:56  SCV  
  116  9:01  Hellion, Thor  
  125  9:07  Refinery, SCV x2, Thor  
  133  9:10  Refinery  
  133  9:20  Starport Reactor  
  133  9:26  SCV x3  
  133  9:27  Supply Depot  
  133  9:28  Supply Depot x2  
  136  9:38  SCV x3  
  139  9:39  Hellion  
  141  9:46  Hellion  
  141  9:48  Thor  
  141  9:50  Thor  
  126  10:01  Hellion  
  113  10:11  Hellion  
  106  10:17  SCV x2  
  102  10:23  Hellion  
  102  10:27  Liberator x2  
  110  10:30  SCV x2  
  110  10:31  Thor  
  110  10:33  Supply Depot  
  118  10:40  Command Center  
  118  10:44  Command Center  
  118  10:52  Terran Vehicle Weapons Level 3, Infernal Pre-Igniter  
  118  10:53  Hellion x2  
  118  10:54  SCV  
  118  10:55  SCV x2  
  125  11:01  Engineering Bay  
  125  11:07  SCV x2  
  125  11:09  Missile Turret  
  125  11:10  Liberator x2  
  133  11:18  SCV  
  133  11:19  Missile Turret  
  133  11:20  Sensor Tower  
  133  11:22  Supply Depot  
  133  11:24  Supply Depot  
  134  11:27  Thor  
  134  11:28  Hellion  
  134  11:29  Hellion  
  144  11:38  SCV  
  144  11:39  SCV  
  146  11:42  Command Center  
  146  11:44  Armory  
  146  11:51  Missile Turret  
  146  11:52  Thor  
  152  11:55  Liberator  
  155  12:06  Planetary Fortress  
  155  12:07  Hellion  
  155  12:08  Hellion  
  159  12:10  Liberator  
  159  12:15  Command Center  
  162  12:19  Missile Turret  
  162  12:20  Missile Turret  
  162  12:30  Thor  
  162  12:31  SCV  
  169  12:38  Thor, Hellion x2, Missile Turret  
  169  12:39  Missile Turret  
  179  12:44  Fusion Core  
  179  12:52  Terran Vehicle And Ship Armor Level 1  
  179  12:58  Planetary Fortress  
  179  13:10  Hellion x2  
  182  13:20  Refinery  
  182  13:22  Refinery  
  182  13:26  Liberator  
  182  13:27  Liberator  
  188  13:37  Terran Ship Weapons Level 1  
  188  13:40  Command Center  
  188  13:41  Missile Turret  
  188  13:42  Command Center  
  188  13:51  Starport  
  188  13:52  Starport  
  188  13:56  Thor  
  188  14:02  SCV  
  196  14:12  Liberator  
  196  14:16  Advanced Ballistics  
  198  14:31  Planetary Fortress  
  198  14:38  Missile Turret x2  
  198  14:40  Starport Tech Lab  
  198  14:48  Terran Vehicle And Ship Armor Level 2, Starport Tech Lab  
  186  15:11  Thor x2  
  198  15:23  Planetary Fortress  
  198  15:28  Refinery  
  198  15:30  Refinery, Missile Turret  
  198  15:32  Missile Turret  
  198  15:34  Missile Turret  
  174  15:41  Hellion x2  
  124  15:53  Battlecruiser x2  
  124  15:54  Thor x2  
  148  16:03  Planetary Fortress  
  142  16:08  Hellion x2  
  142  16:09  Liberator x2  
  152  16:18  Missile Turret  
  152  16:19  Missile Turret  
  152  16:22  Command Center  
  152  16:24  Sensor Tower, Weapon Refit  
  152  16:36  Terran Ship Weapons Level 2  
  152  16:48  Command Center  
  152  16:50  Command Center  
  152  16:52  Thor  
  158  17:03  Thor  
  158  17:06  Raven  
  166  17:23  Liberator  
  169  17:32  Battlecruiser  
  169  17:35  Orbital Command  
  175  17:38  Terran Vehicle And Ship Armor Level 3  
  175  17:48  Thor  
  175  17:49  Hellion x2  
  185  18:05  Orbital Command x2  
  185  18:07  Battlecruiser  
  191  18:22  Liberator x2, Hellbat  
  199  18:40  Raven  
  188  18:51  Thor x2  
  197  19:02  Hellion x2  
  163  19:34  Thor  
  163  19:35  Thor  
  163  19:37  Liberator x3  
  170  19:57  Orbital Command  
  170  19:58  Raven  
  172  20:02  Thor x8  
  172  20:14  Missile Turret x2  
  172  20:16  Missile Turret  
  172  20:17  Missile Turret  
  172  20:18  Missile Turret  
  178  20:37  Missile Turret  
  178  20:38  Missile Turret  
  178  20:40  Missile Turret  
  181  20:55  Liberator x3  
  181  21:06  Liberator  
  181  21:09  Orbital Command  
  184  21:30  Refinery  
  184  21:38  Liberator x2  
  184  21:39  Liberator  
Tags
 
Add a new tag
Caveats
  • Supply blocks, unpowered buildings, or Contaminate may cause inaccurate times.
  • Supply counts are checked every 10 seconds.